 Dungeon Crawl Stone Soup version 0.30-a0-585-g93115170b9 (webtiles) character file.

Game seed: 8147702491271044570

61 tsouns the Chiller (level 3, -3/26 HPs)
             Began as a Draconian Ice Elementalist on Jan 2, 2023.
             Slain by Natasha (4 damage)
             ... on level 2 of the Dungeon.
             The game lasted 00:02:02 (968 turns).

tsouns the Chiller (Draconian Ice Elementalist)      Turns: 968, Time: 00:02:03

Health: -3/26      AC:  5    Str: 10    XL:     3   Next: 83%
Magic:  7/7        EV: 12    Int: 17    God:
Gold:   32         SH:  0    Dex: 11    Spells: 6/7 levels left

rFire   . . .      SeeInvis .    b - +0 spear
rCold   . . .      Faith    .    (no shield)
rNeg    . . .      Spirit   .    (body armour unavailable)
rPois   .          Reflect  .    (helmet restricted)
rElec   .          Harm     .    (no cloak)
rCorr   .          Rampage  .    (no gloves)
Will    .....                    (no boots)
Stlth   ++                       (no amulet)
HPRegen 0.24/turn                (no ring)
MPRegen 0.10/turn                (no ring)

@: no status effects
A: AC +5, unfitting armour, cold-blooded
a: no special abilities


You were on level 2 of the Dungeon.
You visited 1 branch of the dungeon, and saw 2 of its levels.

You collected 32 gold pieces.

Inventory:

Hand Weapons
 b - a +0 spear (weapon)
 e - a +1 short sword of venom
 h - a +2 spectral club
Missiles
 i - 3 javelins
Scrolls
 c - 4 scrolls of identify {unknown}
 d - a scroll of blinking {unknown}
Potions
 f - a potion of degeneration {unknown}
 g - a potion of cancellation {unknown}
 j - a potion of curing {unknown}


   Skills:
 + Level 1.8 Polearms
 - Level 1.7 Dodging
 - Level 1.7 Stealth
 + Level 2.7 Spellcasting
 + Level 4.5 Ice Magic


You had 6 spell levels left.
You knew the following spells:

 Your Spells              Type           Power      Damage    Failure   Level
a - Freeze                Ice            68%        1d8       2%          1

Your spell library contained the following spells:

 Spells                   Type           Power      Damage    Failure   Level
 Frozen Ramparts          Ice            34%        1d6       9%          3
 Ozocubu's Armour         Ice            17%        N/A       9%          3
 Summon Ice Beast         Ice/Summ       10%        N/A       56%         4


Dungeon Overview and Level Annotations

Branches:
Dungeon (2/15)

Altars:

Annotations:
D:2 Natasha


Innate Abilities, Weirdness & Mutations

Your plain brown scales are hard. (AC +5)
You cannot fit into any form of body armour.
You are cold-blooded and may be slowed by cold attacks.


Message History

Unknown command.
Casting: Freeze (safe; 2% risk of failure)
Confirm with . or Enter, or press ? or * to list all spells.
Aiming: Freeze (safe; 2% risk of failure)
Press: ? - help, Shift-Dir - straight line, f - bat
Aim: a bat You freeze the bat.
You kill the bat!
Unknown command.
Casting: Freeze (safe; 2% risk of failure)
Confirm with . or Enter, or press ? or * to list all spells.
Aiming: Freeze (safe; 2% risk of failure)
Press: ? - help, Shift-Dir - straight line, f - Natasha
Aim: Natasha You freeze Natasha.
Natasha is moderately wounded.
Natasha claws you.
Casting: Freeze (safe; 2% risk of failure)
Confirm with . or Enter, or press ? or * to list all spells.
Aiming: Freeze (safe; 2% risk of failure)
Press: ? - help, Shift-Dir - straight line, f/p - Natasha
Aim: Natasha (moderately wounded)
You freeze Natasha.
Natasha is moderately wounded.
Natasha claws you!
* * * LOW HITPOINT WARNING * * *
Unknown command.
Casting: Freeze (safe; 2% risk of failure)
Confirm with . or Enter, or press ? or * to list all spells.
Aiming: Freeze (safe; 2% risk of failure)
Press: ? - help, Shift-Dir - straight line, f/p - Natasha
Aim: Natasha (moderately wounded)
You freeze Natasha!
Natasha is almost dead.
Natasha closely misses you.
Unknown command.
Magic courses through your body.
A jackal comes into view.
Natasha claws you.
You die...

# .# #. . ... # .... #
..... ########.....
.............#########
#.###### ###...@h)..#
.......#. #.....##.......
..####.#. #.....# .......
##...#.#.##.....# .......
.'...+..........# .......
##...# #....>...# ......#
.........#......##.....h#
#####..#.#...............
### ..#.#.########..


You could see Natasha and a jackal (wandering).

Vanquished Creatures
  Jessica (D:2)
  An adder (D:2)
  A dart slug (D:1)
  3 ball pythons
  An endoplasm (D:1)
  4 goblins
  5 hobgoblins
  A jackal (D:2)
  A bat (D:2)
  2 kobolds (D:1)
  4 rats
24 creatures vanquished.

Notes
Turn   | Place    | Note
-------+----------+-------------------------------------------
     0 | D:1      | tsouns the Draconian Ice Elementalist began the quest for
                  | the Orb.
     0 | D:1      | Reached XP level 1. HP: 14/14 MP: 3/3
   237 | D:1      | Reached XP level 2. HP: 17/20 MP: 5/5
   373 | D:1      | Reached skill level 1 in Polearms
   820 | D:2      | Noticed Jessica
   828 | D:2      | Killed Jessica
   829 | D:2      | Reached XP level 3. HP: 22/26 MP: 3/6
   951 | D:2      | Noticed Natasha
   966 | D:2      | HP: 1/26 [Natasha (7)]
   968 | D:2      | Slain by Natasha

Illustrated notes

Levels and vault maps discovered:
D:1:      sevenhm_arrival_forest_fort_large_2, layout_loops_ring,
          hangedman_abyss_or_decor_stabs
D:2:      layout_basic, minmay_misc_feat_square, uniq_natasha, uniq_jessica

Skill      XL: |  1  2 |
---------------+-------+-----
Polearms       | 1 |  1.8
Dodging        | |  1.7
Stealth        | |  1.7
Spellcasting   | |  2.7
Ice Magic      | |  4.5

Action                   || total
-------------------------++-------
Melee: Spear             ||    48
       Tailslap          ||     2
 Cast: Freeze            ||    11
  Use: Potion            ||     1
 Stab: Sleeping          ||     5
Armor: Skin              ||    12
Dodge: Dodged            ||    16

Table legend: (Time is in decaauts)
 A = Elapsed time spent in this place.
 B = Non-inter-level travel time spent in this place.
 C = Inter-level travel time spent in this place.
 D = Time resting spent in this place.
 E = Time spent auto-exploring this place.
 F = Levels seen in this place.
 G = Mean time per level.
                   A        B        C        D        E       F      G
               +--------+--------+--------+--------+--------+-----+--------+
         Total |    978 |    952 |     26 |      0 |    753 |   2 |  489.0 |
       Dungeon |    978 |    952 |     26 |      0 |    753 |   2 |  489.0 |
               +--------+--------+--------+--------+--------+-----+--------+

Top non-repeatable levels by time:
     D:1: 790 daAuts
     D:2: 187 daAuts
